 Dungeon Crawl Stone Soup version 0.30-a0-629-gd54f4be4f7 (webtiles) character file.

Game seed: 6339580092691998300

91 acebull12 the Covered (level 4, -3/35 HPs)
             Began as a Demonspawn Fighter on Jan 12, 2023.
             Killed from afar by Natasha (4 damage)
             ... with a magic dart
             ... on level 2 of the Dungeon.
             The game lasted 00:02:40 (1207 turns).

acebull12 the Covered (Demonspawn Fighter)          Turns: 1207, Time: 00:02:40

Health: -3/35      AC:  7    Str: 18    XL:     4   Next: 34%
Magic:  4/4        EV:  9    Int:  9    God:
Gold:   53         SH:  5    Dex: 17    Spells: 3/3 levels left

rFire   . . .      SeeInvis .    e - +1 whip (flame)
rCold   . . .      Faith    .    c - +0 buckler
rNeg    . . .      Spirit   .    b - +0 scale mail
rPois   .          Reflect  .    (no helmet)
rElec   .          Harm     .    (no cloak)
rCorr   .          Rampage  .    (no gloves)
Will    .....                    (no boots)
Stlth   ++                       (no amulet)
HPRegen 0.25/turn                (no ring)
MPRegen 0.09/turn                (no ring)

@: no status effects
A: thin skeletal structure 2, powered by pain 1
a: no special abilities


You were on level 2 of the Dungeon.
You visited 1 branch of the dungeon, and saw 2 of its levels.

You collected 53 gold pieces.

Inventory:

Hand Weapons
 a - a +0 long sword
 e - a +1 whip of flaming (weapon)
Missiles
 f - 2 throwing nets (quivered)
 k - 11 stones
Armour
 b - a +0 scale mail (worn)
 c - a +0 buckler (worn)
Scrolls
 g - a scroll of amnesia {unknown}
 j - a scroll of magic mapping {unknown}
 l - a scroll of enchant weapon {unknown}
 m - a scroll of blinking {unknown}
 n - a scroll of fear {unknown}
Potions
 d - a potion of might
 h - a potion of curing {unknown}
 i - 3 potions of lignification {unknown}


   Skills:
 + Level 3.2 Fighting
 + Level 1.9 Long Blades
 * Level 1.6 Maces & Flails
 * Level 3.7 Armour
 + Level 0.1 Dodging
 + Level 0.2 Stealth
 * Level 3.0 Shields


You had 3 spell levels left.
You didn't know any spells.
Your spell library contained the following spells:

 Spells                   Type           Power      Damage    Failure   Level
 Apportation              Tloc           0%         N/A       86%         1
 Necrotise                Necr           0%         1d4       86%         1
 Slow                     Hex            0%         N/A       86%         1
 Summon Small Mammal      Summ           0%         N/A       86%         1
 Ensorcelled Hibernation  Hex/Ice        0%         N/A       94%         2
 Passwall                 Tmut/Erth      0%         N/A       94%         2
 Confusing Touch          Hex            0%         N/A       99%         3
 Swiftness                Air            0%         N/A       99%         3
 Vampiric Draining        Necr           0%         2d6       99%         3


Dungeon Overview and Level Annotations

Branches:
Dungeon (2/15)

Altars:

Shops:
D:1 :

Annotations:
D:2 Natasha


Innate Abilities, Weirdness & Mutations

You have a moderately thin skeletal structure. (Dex +4, Stealth++)
You sometimes gain a little power by taking damage.


Message History

You whack Natasha! You burn Natasha.
You kill Natasha!
Natasha yowls pathetically as she dies!
The goblin misses you.
You have reached level 4!
You feel agile.
Your demonic ancestry asserts itself...
You feel energised by your suffering.
You hit the goblin. You burn the goblin.
The goblin is heavily wounded.
You block the goblin's attack.
You whack the goblin! You burn the goblin.
You kill the goblin!
You start resting.
Natasha, Servant of Life and Death comes into view.
Natasha is nearby!
You start resting.
Natasha, Servant of Life and Death opens the door.
Natasha mumbles some strange words.
Natasha glows brightly for a moment.
Natasha claws you but does no damage.
There is a broken door here.
You hit Natasha but do no damage. Natasha closely misses you.
You hit Natasha but do no damage. You block Natasha's attack.
You closely miss Natasha. Natasha claws you.
* * * LOW HITPOINT WARNING * * *
You hit Natasha. You burn Natasha.
Natasha is lightly wounded.
Natasha claws you!
* * * LOW HITPOINT WARNING * * *
Natasha hisses.
Natasha claws you.
* * * LOW HITPOINT WARNING * * *
You barely miss Natasha.
Natasha is lightly wounded.
Natasha barely misses you.
You whack Natasha! You burn Natasha.
Natasha is almost dead.
Natasha stares at you and mumbles some strange words.
The magic dart hits you.
You die...

...... ... ...
........##....
###..............
.................
.................
.................
.......#........#
+......h@.......[+
##.......#........#
#................###
...........)........
.....
.#................###
.....
#............#.....#
.....
#..........[.#........
.....
#............#........
.....
#...........##+###...
#....


You could see Natasha.

Vanquished Creatures
  Natasha (twice) (D:2)
  A gnoll (D:1)
  A dart slug (D:2)
  4 endoplasms (D:1)
  A giant cockroach (D:2)
  5 goblins
  A hobgoblin (D:1)
  3 kobolds
  2 quokkas
  5 ball pythons (D:1)
  5 bats
  A rat (D:1)
31 creatures vanquished.

Notes
Turn   | Place    | Note
-------+----------+-------------------------------------------
     0 | D:1      | acebull12 the Demonspawn Fighter began the quest for the
                  | Orb.
     0 | D:1      | Reached XP level 1. HP: 18/18 MP: 1/1
   117 | D:1      | Found Colliduc's Book Shop.
   165 | D:1      | Gained mutation: You have a somewhat thin skeletal
                  | structure. (Dex +2, Stealth+) [demonic ancestry]
   165 | D:1      | Reached XP level 2. HP: 23/24 MP: 2/2
   181 | D:1      | Found a faded altar of an unknown god.
   658 | D:1      | Gained mutation: You have a moderately thin skeletal
                  | structure. (Dex +4, Stealth++) [demonic ancestry]
   658 | D:1      | Reached XP level 3. HP: 29/29 MP: 3/3
  1131 | D:2      | Noticed Natasha
  1137 | D:2      | Killed Natasha
  1138 | D:2      | Reached skill level 1 in Maces & Flails
  1158 | D:2      | Noticed Natasha
  1170 | D:2      | Killed Natasha
  1171 | D:2      | Gained mutation: You sometimes gain a little power by
                  | taking damage. [demonic ancestry]
  1171 | D:2      | Reached XP level 4. HP: 6/35 MP: 4/4
  1195 | D:2      | Noticed Natasha
  1205 | D:2      | HP: 1/35 [Natasha (2)]
  1207 | D:2      | Killed from afar by Natasha

Illustrated notes

Levels and vault maps discovered:
D:1:      minmay_arrival_loop, layout_basic, serial_shops, nicolae_diamond_shop,
          ebering_ecumenical_altar_ruins
D:2:      layout_basic, uniq_natasha

Skill      XL: |  1  2  3 |
---------------+----------+-----
Armour         | 3 |  3.7
Maces & Flails | 1 |  1.6
Shields        | 3 |  3.0
Fighting       | |  3.2
Long Blades    | |  1.9
Dodging        | |  0.1
Stealth        | |  0.2

Action                   |  1- 3 |  4- 6 || total
-------------------------+-------+-------++-------
Melee: Whip              |    96 |     8 ||   104
       Long sword        |     3 |       ||     3
Armor: Scale mail        |    40 |     1 ||    41
Dodge: Dodged            |    53 |     2 ||    55
Block: Buckler           |    29 |     2 ||    31

Table legend: (Time is in decaauts)
 A = Elapsed time spent in this place.
 B = Non-inter-level travel time spent in this place.
 C = Inter-level travel time spent in this place.
 D = Time resting spent in this place.
 E = Time spent auto-exploring this place.
 F = Levels seen in this place.
 G = Mean time per level.
                   A        B        C        D        E       F      G
               +--------+--------+--------+--------+--------+-----+--------+
         Total |   1219 |   1179 |     40 |    190 |    730 |   2 |  609.5 |
       Dungeon |   1219 |   1179 |     40 |    190 |    730 |   2 |  609.5 |
               +--------+--------+--------+--------+--------+-----+--------+

Top non-repeatable levels by time:
     D:1: 870 daAuts
     D:2: 349 daAuts
